 Dungeon Crawl Stone Soup version 0.31-a0-524-g2a164cf6a2 (webtiles) character file.

Game seed: 7724694301850208660

793 AdnanSaban the Cudgeller (level 7, -2/44 HPs)
             Began as a Gargoyle Fighter on Aug 12, 2023.
             Was a Follower of Okawaru.
             Slain by a wight
             ... wielding a +2 great sword of freezing
              (3 damage)
             ... on level 5 of the Dungeon.
             The game lasted 00:04:30 (4257 turns).

AdnanSaban the Cudgeller (Gargoyle Fighter)         Turns: 4257, Time: 00:04:31

Health: -2/44      AC: 15    Str: 27    XL:     7   Next: 88%
Magic:  7/7        EV:  9    Int:  9    God:    Okawaru [*.....]
Gold:   304        SH:  4    Dex:  9    Spells: 6/6 levels left

rFire   . . .        a - +0 flail
rCold   . . .        c - +0 buckler
rNeg    + . .        h - +0 chain mail
rPois   ∞            (no helmet)
rElec   +            (no cloak)
rCorr   .            j - +0 pair of gloves
SInv    .            (no boots)
Will    .....        (no amulet) Stlth
                     t - +6 ring of strength
HPRegen 0.27/turn    (no ring)
MPRegen 0.10/turn

%: no passive effects
@: no status effects
A: sickness immunity, AC +4, negative energy resistance 1, electricity
resistance, torment resistance 1, petrification resistance
a: Renounce Religion, Heroism


You were on level 5 of the Dungeon.
You worshipped Okawaru.
Okawaru was aware of your devotion.
You visited 2 branches of the dungeon, and saw 7 of its levels.

You collected 304 gold pieces.

Inventory:

Hand Weapons
 a - a +0 flail (weapon)
 y - a +0 morningstar
Missiles
 b - 13 poisoned darts (quivered)
Armour
 c - a +0 buckler (worn)
 h - a +0 chain mail (worn)
 j - a +0 pair of gloves (worn)
Jewellery
 t - a +6 ring of strength (left hand)
Wands
 B - a wand of quicksilver (8)
Scrolls
 e - a scroll of fog {unknown}
 g - 2 scrolls of revelation {unknown}
 k - a scroll of immolation {unknown}
 n - 4 scrolls of fear {unknown}
 o - 4 scrolls of identify {unknown}
 p - a scroll of amnesia {unknown}
 q - a scroll of noise {unknown}
 s - a scroll of enchant armour {unknown}
 u - a scroll of teleportation {unknown}
 v - a scroll of poison {unknown}
 x - a scroll of blinking {unknown}
Potions
 d - 2 potions of might
 f - a potion of haste {unknown}
 i - 3 potions of curing {unknown}
 l - 3 potions of enlightenment {unknown}
 m - a potion of ambrosia {unknown}
 r - 3 potions of heal wounds {unknown}
 w - a potion of attraction {unknown}
 z - a potion of mutation {unknown}
 A - a potion of magic {unknown}


   Skills:
 + Level 4.7 Fighting
 + Level 6.1 Maces & Flails
 + Level 5.0 Armour
 + Level 1.6 Dodging
 + Level 1.0 Stealth
 + Level 4.6 Shields


You had 6 spell levels left.
You didn't know any spells.
Your spell library contained the following spells:

 Spells                   Type           Power      Damage    Failure   Level
 Portal Projectile        Hex/Tloc       0%         N/A       99%         3
 Iskenderun's Mystic Bla  Conj/Tloc      0%         2d3       100%        4
 Tukima's Dance           Hex            Unusable   N/A       N/A         3

Dungeon Overview and Level Annotations

Branches:
Dungeon (6/15)             Temple (1/1) D:5

Altars:
Ashenzari
Cheibriados
Dithmenos
Hepliaklqana
Okawaru
Qazlal
Ru
Uskayaw
Vehumet
Wu Jian
Xom
Yredelemnul

Shops:
D:6 :

Annotations:
D:5 1 runed translucent door, AdnanSaban's ghost, novice GrFi


Innate Abilities, Weirdness & Mutations

You are immune to sickness and miasma.
Your stone body is resilient. (AC +4)
You are immune to poison.
You resist negative energy. (rN+)
You are resistant to electric shocks. (rElec)
You are resistant to unholy torment.
You are immune to petrification.


Message History

You see here a +0 hand axe.
There is a stone staircase leading down here.
AdnanSaban's ghost turns its malevolent gaze towards you.
You see here a +0 giant club.
There is a stone staircase leading down here.
You climb downwards.
You hear the sound of rushing water.
There is an entrance to a sewer on this level.
Hurry and find it before the portal rusts away!
You hear the rusting of a drain.
Found a scroll labelled YPLETOSTI ERGHIST.
There is a stone staircase leading up here.
You barely miss the wight.
The wight hits you with a +0 morningstar.
You block the wight's attack. The wight barely misses you.
You climb upwards.
Level annotation: 1 runed translucent door, AdnanSaban's ghost, novice GrFi
There is a stone staircase leading down here.
You hit the wight.
The wight is lightly damaged.
The wight hits you but does no damage. You block the wight's attack.
You thump the wight!
The wight is severely damaged.
The wight closely misses you. The wight barely misses you.
You sock the wight!
You destroy the wight!
Okawaru accepts your kill. You block the wight's attack.
You hit the wight.
The wight is lightly damaged.
The wight hits you with a +2 great sword of freezing.
The wight freezes you.
You sock the wight!
The wight is severely damaged.
The wight hits you with a +2 great sword of freezing!
The wight freezes you!
* * * LOW HITPOINT WARNING * * *
The wight hits you with a +2 great sword of freezing!
* * * LOW HITPOINT WARNING * * *
The wight freezes you.
You die...

####.## #...##...##...
##.....## ##...##⌠##....
##.......###.....###...##
#.........##..........###
#.........##.........###.
#.........##........####.
#.........##.............
#.......).##........###..
#.......@.##........# ###
#.<.....z.###########
#.........# #.........#
#.........# ##.......##
##.....## #######


You could see a wight.

Vanquished Creatures
  An ogre (D:5)
  4 scorpions
  A wight (D:5)
  2 hounds (D:5)
  2 jellies (D:5)
  A sleepcap (D:5)
  8 gnolls
  7 adders
  A white imp (D:5)
  A worm (D:2)
  5 dart slugs
  10 orcs
  4 ball pythons
  5 endoplasms
  4 giant cockroaches
  11 goblins
  13 hobgoblins
  5 jackals
  9 kobolds
  5 quokkas
  9 bats
  A frilled lizard (D:2)
  5 rats
114 creatures vanquished.

Notes
Turn   | Place    | Note
-------+----------+-------------------------------------------
     0 | D:1      | AdnanSaban the Gargoyle Fighter began the quest for the
                  | Orb.
     0 | D:1      | Reached XP level 1. HP: 14/14 MP: 1/1
    55 | D:1      | Reached XP level 2. HP: 19/19 MP: 2/2
   373 | D:1      | Reached XP level 3. HP: 23/24 MP: 3/3
   580 | D:1      | Found a faded altar of an unknown god.
   874 | D:1      | Reached skill level 3 in Maces & Flails
   874 | D:1      | Reached XP level 4. HP: 23/29 MP: 4/4
  1117 | D:2      | Reached XP level 5. HP: 29/33 MP: 5/5
  1652 | D:3      | Reached skill level 4 in Maces & Flails
  1728 | D:3      | Found a basalt altar of Yredelemnul.
  2377 | D:3      | Found a shadowy altar of Dithmenos.
  2854 | D:4      | Found a shimmering altar of Xom.
  3227 | D:5      | Entered Level 5 of the Dungeon
  3239 | D:4      | Reached XP level 6. HP: 16/38 MP: 6/6
  3441 | D:5      | Noticed AdnanSaban's ghost (novice GrFi)
  3506 | D:5      | Found a staircase to the Ecumenical Temple.
  3543 | D:5      | Reached skill level 5 in Maces & Flails
  3543 | D:5      | Reached skill level 1 in Stealth
  3554 | Temple   | Entered the Ecumenical Temple
  3568 | Temple   | Became a worshipper of Warmaster Okawaru
  3629 | D:5      | Found a runed translucent door.
  3722 | D:5      | Reached XP level 7. HP: 16/44 MP: 7/7
  3870 | D:5      | Reached skill level 1 in Dodging
  4096 | D:6      | Reached * piety under Okawaru
  4097 | D:6      | Reached skill level 6 in Maces & Flails
  4097 | D:6      | Reached skill level 5 in Armour
  4111 | D:6      | Found Ehokoet's Book Emporium.
  4113 | D:6      | Noticed a wraith
  4257 | D:5      | HP: 1/44 [wight/+2 great sword of freezing (9)]
  4257 | D:5      | Slain by a wight

Illustrated notes

Levels and vault maps discovered:
D:1:      ldierk_walled_garden_2, layout_loops_ring,
          ebering_ecumenical_altar_abandoned
D:2:      layout_basic
D:3:      minmay_chambers_of_threes, layout_basic, mainiacjoe_overflow_alcove_2,
          mainiacjoe_overflow_small_starburst, serial_bayou_pond_e
D:4:      layout_basic, lemuel_doored_altar, palyth_stone_intersect
D:5:      layout_rooms, minmay_temple_entry_wispy,
          hellmonk_ghost_happy_afterlife
D:6:      layout_loops_corners, dreamdust_divine_triumvirate,
          general_overflow_altar, portal_sewer_entry_d, serial_shops,
          shop_statue, shop, nicolae_shop_stone, nicolae_shop_peninsula,
          uniq_edmund
Temple:   hellmonk_temple_rainy

Skill      XL: |  1  2  3  4  5  6  7 |
---------------+----------------------+-----
Maces & Flails | 3 4 5 6 |  6.1
Armour         | 4 5 |  5.0
Fighting       | 4 |  4.7
Shields        | 4 |  4.6
Stealth        | 1 |  1.0
Dodging        | 1 |  1.6

Action                     |  1- 3 |  4- 6 |  7- 9 || total
---------------------------+-------+-------+-------++-------
  Melee: Flail             |    89 |   276 |    41 ||   406
  Throw: Dart              |       |     1 |       ||     1
 Armour: Scale mail        |    22 |       |       ||    22
         Chain mail        |    26 |   194 |    31 ||   251
  Dodge: Dodged            |    44 |   126 |    21 ||   191
  Block: Buckler           |    17 |    72 |    12 ||   101

Table legend: (Time is in decaauts)
 A = Elapsed time spent in this place.
 B = Non-inter-level travel time spent in this place.
 C = Inter-level travel time spent in this place.
 D = Time resting spent in this place.
 E = Time spent auto-exploring this place.
 F = Levels seen in this place.
 G = Mean time per level.
                   A        B        C        D        E       F      G
               +--------+--------+--------+--------+--------+-----+--------+
         Total |   4362 |   4055 |    307 |    175 |   2867 |   7 |  623.1 |
       Dungeon |   4338 |   4031 |    307 |    175 |   2867 |   6 |  723.0 |
        Temple |     23 |     23 |      0 |      0 |      0 |   1 |   23.0 |
               +--------+--------+--------+--------+--------+-----+--------+

Top non-repeatable levels by time:
     D:4: 947 daAuts
     D:3: 888 daAuts
     D:5: 828 daAuts
     D:2: 807 daAuts
     D:1: 787 daAuts
     D:6: 79 daAuts
  Temple: 23 daAuts
